IL
BUFFALO BISONS @ CHARLOTTE KNIGHTS
09/11/2047
 
TOP OF THE 1ST
Buffalo Bisons batting - Pitching for Charlotte Knights : LHP Carlos Toledo
Pitching: LHP Carlos Toledo
Batting: RHB Alex Ramos 0-0: Foul Ball, location: 2F
0-1: Ball
1-1: Ball
2-1: Called Strike
2-2: Ball
3-2: Ground out U3 (Groundball, 3L, EV 84.4 MPH)
Batting: RHB Itsuo Egami 0-0: Ball
1-0: Called Strike
1-1: Ball
2-1: Ground out 6-3 (Groundball, 6, EV 110.0 MPH)
Batting: SHB Jack Andrews 0-0: Ball
1-0: Foul Ball, location: 2F
1-1: Ball
2-1: Foul Ball, location: 2F
2-2: Ball
3-2: Base on Balls
Batting: RHB Brock Van Gilder 0-0: Ball
1-0: Ball
2-0: Ball
3-0: Base on Balls
Jack Andrews to second
Batting: RHB Jorge Baret 0-0: DOUBLE (Line Drive, 9LM, EV 108.8 MPH)
Jack Andrews scores
Brock Van Gilder to third
Runner from 3rd tries for Home, throw by RF and OUT! 9-4-2
Top of the 1st over - 1 run, 1 hit, 0 errors, 1 left on base; Buffalo 1 - Charlotte 0
BOTTOM OF THE 1ST
Charlotte Knights batting - Pitching for Buffalo Bisons : RHP Edward Saunders
Pitching: RHP Edward Saunders
Batting: RHB Jason Moss 0-0: Ball
1-0: Called Strike
1-1: SINGLE (Line Drive, 56D, EV 96.9 MPH)
Batting: SHB Alfie Bungledorf 0-0: Called Strike
0-1: Ball
1-1: Swinging Strike
1-2: Ball
2-2: Strikes out looking
Batting: LHB Carlos Ramirez 0-0: Ball
1-0: Fly out, F8 (Flyball, 8LD, EV 83.8 MPH)
Batting: LHB Hirakito Herring 0-0: Ball
1-0: DOUBLE (Flyball, 8RXD, EV 105.0 MPH)
Jason Moss to third
Batting: LHB Ricardo Pagan 0-0: Called Strike
0-1: Foul Ball, location: 2F
0-2: SINGLE (Groundball, 5S, EV 74.4 MPH) (infield hit)
Jason Moss scores
Hirakito Herring to third
Batting: RHB Guillermo Mojica 0-0: Ball
1-0: Ball
2-0: Called Strike
2-1: Fly out, F8 (Flyball, 8RM, EV 89.4 MPH)
Bottom of the 1st over - 1 run, 3 hits, 0 errors, 2 left on base; Buffalo 1 - Charlotte 1
TOP OF THE 2ND
Buffalo Bisons batting - Pitching for Charlotte Knights : LHP Carlos Toledo
Batting: RHB Leo Mair 0-0: SINGLE (Line Drive, 8LS, EV 108.1 MPH)
Batting: LHB Gabe Pace 0-0: Ball
1-0: Ball
2-0: Called Strike
2-1: Ball
3-1: Fly out, F6 (Popup, 6M, EV 52.5 MPH)
Batting: RHB Väinö Tapaninen 0-0: Ball
1-0: Ball
2-0: Called Strike
2-1: Swinging Strike
2-2: Strikes out looking
Batting: RHB John Loving 0-0: Ball
1-0: Fielders Choice at 2nd, 6-4 (Groundball, 6, EV 88.1 MPH)
Top of the 2nd over - 0 runs, 1 hit, 0 errors, 1 left on base; Buffalo 1 - Charlotte 1
BOTTOM OF THE 2ND
Charlotte Knights batting - Pitching for Buffalo Bisons : RHP Edward Saunders
Batting: RHB Jose Medina 0-0: Ball
1-0: Swinging Strike
1-1: Ball
2-1: Foul Ball, location: 2F
2-2: Foul Ball, location: 2F
2-2: Ball
3-2: Foul Ball, location: 2F
3-2: Foul Ball, location: 2F
3-2: Foul Ball, location: 2F
3-2: Strikes out swinging
Batting: RHB Jeremy Hoffert 0-0: Foul Ball, location: 2F
0-1: Foul Ball, location: 2F
0-2: Ball
1-2: Strikes out looking
Batting: RHB Kikuo Sato 0-0: Called Strike
0-1: Foul Ball, location: 2F
0-2: Foul Ball, location: 2F
0-2: Strikes out swinging
Bottom of the 2nd over - 0 runs, 0 hits, 0 errors, 0 left on base; Buffalo 1 - Charlotte 1
TOP OF THE 3RD
Buffalo Bisons batting - Pitching for Charlotte Knights : LHP Carlos Toledo
Batting: RHB Alex Ramos 0-0: Called Strike
0-1: Foul Ball, location: 2F
0-2: Ball
1-2: Ball
2-2: Ball
3-2: Ground out 6-3 (Groundball, 6, EV 105.6 MPH)
Batting: RHB Itsuo Egami 0-0: Ball
1-0: Ball
2-0: SINGLE (Flyball, 5D, EV 87.5 MPH)
Batting: SHB Jack Andrews 0-0: Ball
1-0: Called Strike
1-1: Foul Ball, location: 2F
1-2: Grounds into double play, 5-4-3 (Groundball, 56S, EV 87.5 MPH)
Top of the 3rd over - 0 runs, 1 hit, 0 errors, 0 left on base; Buffalo 1 - Charlotte 1
BOTTOM OF THE 3RD
Charlotte Knights batting - Pitching for Buffalo Bisons : RHP Edward Saunders
Batting: RHB Jason Moss 0-0: Called Strike
0-1: Called Strike
0-2: Strikes out swinging
Batting: SHB Alfie Bungledorf 0-0: Ball
1-0: Fly out, F7 (Flyball, 7D, EV 93.8 MPH)
Batting: LHB Carlos Ramirez 0-0: Foul Ball, location: 2F
0-1: Ball
1-1: Fly out, F5 (Popup, 5SF, EV 81.2 MPH)
Bottom of the 3rd over - 0 runs, 0 hits, 0 errors, 0 left on base; Buffalo 1 - Charlotte 1
TOP OF THE 4TH
Buffalo Bisons batting - Pitching for Charlotte Knights : LHP Carlos Toledo
Batting: RHB Brock Van Gilder 0-0: Ball
1-0: Reached on error, E5 (Groundball, 5, EV 80.0 MPH)
Batting: RHB Jorge Baret 0-0: SINGLE (Groundball, 6MD, EV 108.1 MPH)
Brock Van Gilder to second
Batting: RHB Leo Mair 0-0: Grounds into double play, 4-6-3 (Groundball, 4, EV 105.6 MPH)
Brock Van Gilder to third
Batting: LHB Gabe Pace 0-0: Ball
1-0: Foul Ball, location: 2F
1-1: Called Strike
1-2: Ball
2-2: Foul Ball, location: 2F
2-2: Ball
3-2: Foul Ball, location: 2F
3-2: Strikes out swinging, 2-3 out at first.
Top of the 4th over - 0 runs, 1 hit, 1 error, 1 left on base; Buffalo 1 - Charlotte 1
BOTTOM OF THE 4TH
Charlotte Knights batting - Pitching for Buffalo Bisons : RHP Edward Saunders
Batting: LHB Hirakito Herring 0-0: Called Strike
0-1: Swinging Strike
0-2: Ball
1-2: Foul Ball, location: 2F
1-2: Ground out 4-3 (Groundball, 4, EV 82.5 MPH)
Batting: LHB Ricardo Pagan 0-0: Reached on error, E6 (Groundball, 6, EV 83.1 MPH)
Batting: RHB Guillermo Mojica 0-0: Swinging Strike
0-1: Swinging Strike
0-2: Ball
Wild Pitch!
Ricardo Pagan to third
1-2: Strikes out looking
Batting: RHB Jose Medina 0-0: Foul Ball, location: 2F
0-1: Ball
1-1: Ball
2-1: Called Strike
2-2: Ball
3-2: Foul Ball, location: 2F
3-2: Base on Balls
Batting: RHB Jeremy Hoffert 0-0: Ball
Jose Medina steals 2nd base
1-0: Called Strike
1-1: Ball
2-1: Ground out 5-3 (Groundball, 56, EV 107.5 MPH)
Bottom of the 4th over - 0 runs, 0 hits, 1 error, 2 left on base; Buffalo 1 - Charlotte 1
TOP OF THE 5TH
Buffalo Bisons batting - Pitching for Charlotte Knights : LHP Carlos Toledo
Batting: RHB Väinö Tapaninen 0-0: Ball
1-0: Ball
2-0: Ball
3-0: Swinging Strike
3-1: Base on Balls
Batting: RHB John Loving 0-0: Called Strike
0-1: Fly out, F9 (Flyball, 89S, EV 96.2 MPH)
Batting: RHB Alex Ramos 0-0: Ball
1-0: Called Strike
Väinö Tapaninen steals 2nd base
1-1: Foul Ball, location: 2F
1-2: Foul Ball, location: 2F
1-2: Foul Ball, location: 2F
1-2: Ground out 5-3 (Groundball, 56, EV 100.6 MPH)
Batting: RHB Itsuo Egami 0-0: Called Strike
0-1: SINGLE (Groundball, 6D, EV 105.6 MPH)
Väinö Tapaninen to third
Runner from 3rd tries for Home, throw by CF and OUT! 8-2
Top of the 5th over - 0 runs, 1 hit, 0 errors, 1 left on base; Buffalo 1 - Charlotte 1
BOTTOM OF THE 5TH
Charlotte Knights batting - Pitching for Buffalo Bisons : RHP Edward Saunders
Batting: RHB Kikuo Sato 0-0: Ball
1-0: SINGLE (Groundball, 6MD, EV 101.2 MPH)
Batting: RHB Jason Moss 0-0: Ball
1-0: Called Strike
1-1: Swinging Strike
1-2: Foul Ball, location: 2F
1-2: Ball
2-2: Ball
3-2: Fly out, F9 (Flyball, 89M, EV 86.2 MPH)
Batting: SHB Alfie Bungledorf 0-0: Ball
1-0: Called Strike
Kikuo Sato steals 2nd base
1-1: Ball
2-1: Fly out, F4 (Line Drive, 4, EV 66.9 MPH)
Batting: LHB Carlos Ramirez 0-0: Ball
1-0: Ball
2-0: Fly out, F9 (Line Drive, 9, EV 90.0 MPH)
Bottom of the 5th over - 0 runs, 1 hit, 0 errors, 1 left on base; Buffalo 1 - Charlotte 1
TOP OF THE 6TH
Buffalo Bisons batting - Pitching for Charlotte Knights : LHP Carlos Toledo
Batting: SHB Jack Andrews 0-0: Ball
1-0: Ball
2-0: Ball
3-0: Called Strike
3-1: Base on Balls
Batting: RHB Brock Van Gilder 0-0: Called Strike
0-1: Swinging Strike
0-2: Strikes out swinging
Batting: RHB Jorge Baret 0-0: Foul Ball, location: 2F
0-1: Ball
1-1: Ball
2-1: Fielders Choice at 2nd, 4-6 (Groundball, 4M, EV 103.8 MPH)
Batting: RHB Leo Mair 0-0: Ball
1-0: Ball
2-0: Foul Ball, location: 2F
2-1: Ball
3-1: Foul Ball, location: 2F
3-2: Foul Ball, location: 2F
3-2: Foul Ball, location: 2F
3-2: Foul Ball, location: 2F
3-2: Fly out, F8 (Line Drive, 89M, EV 95.6 MPH)
Top of the 6th over - 0 runs, 0 hits, 0 errors, 1 left on base; Buffalo 1 - Charlotte 1
BOTTOM OF THE 6TH
Charlotte Knights batting - Pitching for Buffalo Bisons : RHP Edward Saunders
Batting: LHB Hirakito Herring 0-0: Ball
1-0: Ball
2-0: Ball
3-0: Swinging Strike
3-1: Swinging Strike
3-2: Strikes out swinging, 2-3 out at first.
Batting: LHB Ricardo Pagan 0-0: Called Strike
0-1: Reached on error, E5 (Groundball, 56, EV 86.2 MPH)
Batting: RHB Guillermo Mojica 0-0: Ball
1-0: Ball
2-0: Grounds into double play, 4-6-3 (Groundball, 4, EV 83.8 MPH)
Bottom of the 6th over - 0 runs, 0 hits, 1 error, 0 left on base; Buffalo 1 - Charlotte 1
TOP OF THE 7TH
Buffalo Bisons batting - Pitching for Charlotte Knights : LHP Carlos Toledo
Batting: LHB Gabe Pace 0-0: SINGLE (Line Drive, 9LS, EV 94.4 MPH)
Batting: RHB Väinö Tapaninen 0-0: Ball
1-0: Ball
2-0: Bunted foul
2-1: Ball
3-1: Sac Bunt to 15S - play at first, batter OUT! 1-3
Gabe Pace to second
Pitching: RHP Michael McMurry
Batting: RHB John Loving 0-0: SINGLE (Line Drive, 6D, EV 97.5 MPH)
Gabe Pace to third
Runner from 3rd tries for Home, SAFE, throw by CF to home
Batting: RHB Alex Ramos 0-0: Ball
1-0: Foul Ball, location: 2F
1-1: Ball
2-1: Foul Ball, location: 2F
2-2: Foul Ball, location: 2F
2-2: Ball
3-2: Strikes out swinging
John Loving steals 2nd base (no throw)
Batter strikes out.
Batting: RHB Itsuo Egami 0-0: Called Strike
0-1: Swinging Strike
0-2: Fly out, F7 (Line Drive, 7, EV 102.5 MPH)
Top of the 7th over - 1 run, 2 hits, 0 errors, 1 left on base; Buffalo 2 - Charlotte 1
BOTTOM OF THE 7TH
Charlotte Knights batting - Pitching for Buffalo Bisons : RHP Edward Saunders
Batting: RHB Jose Medina 0-0: Fly out, F9 (Flyball, 89S, EV 92.5 MPH)
Pinch Hitting: LHB Angel Tellez 0-0: Ball
1-0: SINGLE (Line Drive, 56D, EV 99.4 MPH)
Pinch Hitting: LHB Dustin Taylor 0-0: Ball
1-0: Ball
2-0: Foul Ball, location: 2F
2-1: Foul Ball, location: 2F
2-2: 2-RUN HOME RUN (Line Drive, 9D, EV 102.5 MPH), Distance : 399 ft
Batting: RHB Jason Moss 0-0: Called Strike
0-1: Called Strike
0-2: Ball
1-2: Foul Ball, location: 2F
1-2: Ball
2-2: Strikes out swinging
Batting: SHB Alfie Bungledorf 0-0: Fly out, F5 (Flyball, 5D, EV 91.9 MPH)
Bottom of the 7th over - 2 runs, 2 hits, 0 errors, 0 left on base; Buffalo 2 - Charlotte 3
TOP OF THE 8TH
Buffalo Bisons batting - Pitching for Charlotte Knights : RHP Michael McMurry
Pitching: RHP Tommy Benedict
Now in LF: Dustin Taylor
Now in CF: Jason Moss
Now in RF: Adam Lambert
Batting: SHB Jack Andrews 0-0: Ball
1-0: Ball
2-0: Ball
3-0: Foul Ball, location: 2F
3-1: Called Strike
3-2: Base on Balls
Batting: RHB Brock Van Gilder 0-0: Ball
Jack Andrews steals 2nd base
1-0: Ball
2-0: Ball
3-0: Called Strike
3-1: Base on Balls
Batting: RHB Jorge Baret 0-0: Ball
1-0: Called Strike
1-1: Grounds into double play, 4-6-3 (Groundball, 4, EV 79.4 MPH)
Jack Andrews to third
Batting: RHB Leo Mair 0-0: Ball
1-0: Ball
2-0: Ball
3-0: Base on Balls
Batting: LHB Gabe Pace 0-0: Swinging Strike
0-1: Ball
1-1: Swinging Strike
1-2: Foul Ball, location: 2F
1-2: Strikes out swinging, 2-3 out at first.
Top of the 8th over - 0 runs, 0 hits, 0 errors, 2 left on base; Buffalo 2 - Charlotte 3
BOTTOM OF THE 8TH
Charlotte Knights batting - Pitching for Buffalo Bisons : RHP Edward Saunders
Pitching: LHP Dylan Batstone
Batting: LHB Carlos Ramirez 0-0: Ball
1-0: Foul Ball, location: 2F
1-1: Ground out 5-3 (Groundball, 5, EV 79.4 MPH)
Batting: LHB Hirakito Herring 0-0: Foul Ball, location: 2F
0-1: Ground out 6-3 (Groundball, P, EV 86.9 MPH)
Batting: LHB Ricardo Pagan 0-0: Called Strike
0-1: Ball
1-1: SINGLE (Groundball, 15S, EV 70.6 MPH) (infield hit)
Batting: RHB Guillermo Mojica 0-0: Ball
1-0: Fly out, F3 (Popup, 34S, EV 67.5 MPH)
Bottom of the 8th over - 0 runs, 1 hit, 0 errors, 1 left on base; Buffalo 2 - Charlotte 3
TOP OF THE 9TH
Buffalo Bisons batting - Pitching for Charlotte Knights : RHP Tommy Benedict
Pitching: LHP Steven Wolf
Now at 2B: Steve Waltenbery
Batting: RHB Väinö Tapaninen 0-0: Called Strike
0-1: Foul Ball, location: 2F
0-2: Ball
1-2: Foul Ball, location: 2F
1-2: SINGLE (Line Drive, 7LS, EV 91.2 MPH)
Batting: RHB John Loving 0-0: Ball
1-0: Bunt missed!
1-1: Ball
2-1: Bunted foul
2-2: Foul Ball, location: 2F
2-2: Strikes out swinging
Batting: RHB Alex Ramos 0-0: Called Strike
0-1: Ball
1-1: Fielders Choice at 2nd, 6-4 (Groundball, 56S, EV 90.0 MPH)
Batting: RHB Itsuo Egami 0-0: Ball
1-0: Foul Ball, location: 2F
1-1: Foul Ball, location: 2F
1-2: Foul Ball, location: 2F
1-2: Ball
2-2: Strikes out looking
Top of the 9th over - 0 runs, 1 hit, 0 errors, 1 left on base; Buffalo 2 - Charlotte 3
Thursday, December 15th , 2022 - OOTP Baseball 23.9 Build 102